[Event "December 19 Early 2023"]
[Site "https://www.chess.com"]
[Date "2023.12.19"]
[Round "3"]
[White "Travadon, Loic"]
[Black "Kahlert, Thomas"]
[Result "0-1"]
[Board "222"]
[TimeControl "180+1"]
[WhiteFideId "26092131"]
[BlackFideId "4625242"]
[WhiteElo "2406"]
[BlackElo "2221"]
[WhiteTeam "FRA"]
[BlackTeam "GER"]
[WhiteClock "0:00:00"]
[BlackClock "0:02:40"]

1. e4 e5 2. Nc3 Nf6 3. f4 d5 4. fxe5 Nxe4 5. Nf3 Bc5 6. d4 Bb4 7. Bd2 c5 8. Bd3 Nxd2 9. Qxd2 cxd4 10. Nxd4 Nc6 11. Bb5 Bd7 12. Bxc6 bxc6 13. O-O O-O 14. Kh1 Be7 15. Nf5 Bxf5 16. Rxf5 f6 17. e6 Qd6 18. Qe2 Rae8 19. Re1 Bd8 20. Nd1 Re7 21. Rf3 Rfe8 22. Re3 Bb6 0-1

[Event "December 19 Early 2023"]
[Site "https://www.chess.com"]
[Date "2023.12.19"]
[Round "3"]
[White "Vila Dupla, Aurelio"]
[Black "Cansun, Can Alp"]
[Result "0-1"]
[Board "223"]
[TimeControl "180+1"]
[WhiteFideId "2203383"]
[BlackFideId "6390188"]
[WhiteElo "2009"]
[BlackElo "2031"]
[WhiteTeam "ESP"]
[BlackTeam "TUR"]
[WhiteClock "0:00:01"]
[BlackClock "0:00:14"]

1. Nf3 c5 2. c4 Nc6 3. Nc3 g6 4. e3 e6 5. d4 cxd4 6. Nxd4 Bg7 7. Ndb5 Nge7 8. Nd6+ Kf8 9. Be2 b6 10. O-O Nf5 11. Ncb5 Ba6 12. Bf3 Rb8 13. a4 Be5 14. g3 Nxd6 15. Nxd6 Qe7 16. Nb5 Kg7 17. Bg2 Rhd8 18. Rb1 d5 19. cxd5 exd5 20. Re1 Bxb5 21. axb5 Nb4 22. Qb3 Qc5 23. Bd2 a5 24. bxa6 Nxa6 25. Rbc1 Qd6 26. Red1 Qe6 27. Bc3 Nc5 28. Qb5 Qf6 29. Rd2 Bxc3 30. Rxc3 Ne4 31. Bxe4 dxe4 32. Rxd8 Rxd8 33. Qf1 Qf3 34. Rb3 Rd1 0-1

[Event "December 19 Early 2023"]
[Site "https://www.chess.com"]
[Date "2023.12.19"]
[Round "3"]
[White "Ratnesan, Ranesh"]
[Black "Stillger, Bernhard"]
[Result "0-1"]
[Board "224"]
[TimeControl "180+1"]
[WhiteFideId "439339"]
[BlackFideId "4610768"]
[WhiteElo "2160"]
[BlackElo "2252"]
[WhiteTeam "ENG"]
[BlackTeam "GER"]
[WhiteClock "0:00:00"]
[BlackClock "0:00:20"]

1. d4 Nf6 2. c4 g6 3. Nf3 Bg7 4. g3 O-O 5. Bg2 d5 6. O-O dxc4 7. Qc2 Nc6 8. Qxc4 Be6 9. Qa4 Nd5 10. e3 Nb6 11. Qb5 Bc4 12. Qc5 Bxf1 13. Bxf1 Qd6 14. Qc2 e5 15. dxe5 Nxe5 16. Nxe5 Qxe5 17. Nc3 Rad8 18. Bg2 c6 19. e4 Nc4 20. Qb3 b5 21. a4 a6 22. Bf4 Qc5 23. Rc1 g5 24. Bc7 Rd2 25. Nd1 Rc8 26. axb5 axb5 27. Bb6 Rxd1+ 0-1

[Event "December 19 Early 2023"]
[Site "https://www.chess.com"]
[Date "2023.12.19"]
[Round "3"]
[White "Mouhamad, Joachim"]
[Black "Papp, Petra"]
[Result "0-1"]
[Board "225"]
[TimeControl "180+1"]
[WhiteFideId "656410"]
[BlackFideId "739049"]
[WhiteElo "2125"]
[BlackElo "2270"]
[WhiteTeam "FRA"]
[BlackTeam "HUN"]
[WhiteClock "0:00:00"]
[BlackClock "0:00:27"]

1. e4 c5 2. Nf3 e6 3. d4 cxd4 4. Nxd4 Nf6 5. Nc3 Nc6 6. Ndb5 Bc5 7. Bf4 O-O 8. Bc7 Qe7 9. Bd6 Bxd6 10. Qxd6 Qd8 11. O-O-O a6 12. Nd4 Qb6 13. Nxc6 bxc6 14. Qd4 c5 15. Qe3 Rb8 16. b3 Qb4 17. Kb2 Bb7 18. f3 d5 19. Qe1 Bc6 20. a3 Qb6 21. exd5 exd5 22. g4 d4 23. Ne4 Nxe4 24. fxe4 Rfe8 25. Bd3 Qb7 26. Rf1 Bxe4 27. Bc4 Bd5 28. Bxd5 Qxd5 29. Qf2 a5 30. Rd3 a4 31. Qf3 Qxf3 32. Rfxf3 axb3 33. Rxb3 f6 0-1

[Event "December 19 Early 2023"]
[Site "https://www.chess.com"]
[Date "2023.12.19"]
[Round "3"]
[White "Can, Melih Kaan"]
[Black "Putri, Regita Desyari"]
[Result "0-1"]
[Board "226"]
[TimeControl "180+1"]
[WhiteFideId "6317383"]
[BlackFideId "7109083"]
[WhiteElo "2022"]
[BlackElo "1930"]
[WhiteTeam "TUR"]
[BlackTeam "INA"]
[WhiteClock "0:00:12"]
[BlackClock "0:00:26"]

1. e4 e5 2. Nf3 Nc6 3. d4 exd4 4. Nxd4 Bc5 5. Nb3 Bb6 6. Nc3 d6 7. Qe2 h6 8. Be3 Nf6 9. O-O-O Qe7 10. f3 Be6 11. Qf2 O-O 12. h4 Nh7 13. g4 Bxe3+ 14. Qxe3 a5 15. Nd5 Bxd5 16. Rxd5 a4 17. Nd4 a3 18. b3 Nb4 19. Rb5 c5 20. Nf5 Qe5 21. Rxb4 Qb2+ 22. Kd2 cxb4 23. Bc4 Rac8 24. Ne7+ Kh8 25. Nxc8 Rxc8 26. g5 h5 27. Qd3 b5 28. Bxf7 Rc3 29. Bxh5 Rxd3+ 30. Kxd3 Qc3+ 31. Ke2 Qxc2+ 32. Ke3 Qc3+ 33. Kf4 Nf8 34. Bf7 Nd7 35. h5 Ne5 36. h6 Qxf3# 0-1

[Event "December 19 Early 2023"]
[Site "https://www.chess.com"]
[Date "2023.12.19"]
[Round "3"]
[White "Guzman Lozano, Campo Elias"]
[Black "Wael Sabry, Mina"]
[Result "1-0"]
[Board "227"]
[TimeControl "180+1"]
[WhiteFideId "4403746"]
[BlackFideId "10670173"]
[WhiteElo "2099"]
[BlackElo "1861"]
[WhiteTeam "COL"]
[BlackTeam "EGY"]
[WhiteClock "0:00:02"]
[BlackClock "0:00:03"]

1. d4 Nf6 2. Bg5 e6 3. Nd2 Be7 4. g3 d5 5. Bg2 O-O 6. Ngf3 c5 7. c3 Nc6 8. Bxf6 Bxf6 9. dxc5 a5 10. O-O Qe7 11. e4 Qxc5 12. exd5 Rd8 13. Nb3 Qb6 14. Nfd4 a4 15. Nxc6 bxc6 16. Nd4 cxd5 17. b4 Rb8 18. Rc1 Bd7 19. Re1 Bxd4 20. cxd4 Qxb4 21. Rc7 Qb2 22. Rxd7 Rxd7 23. Qxa4 Rdd8 24. Qa7 Ra8 25. Qc5 Rxa2 26. Rf1 Raa8 27. h4 Rdc8 28. Qe7 Qxd4 29. h5 Qf6 30. Qd6 Rab8 31. Bh3 Rd8 32. Qc7 e5 33. Bg4 d4 34. h6 Qd6 35. Qa5 Ra8 36. Qb5 Rdb8 37. Qe2 gxh6 38. Bf5 Ra3 39. Qg4+ Kh8 40. Be4 Qf6 41. Rc1 Rg8 42. Qe2 Qg5 43. Rc7 f5 44. Bd5 e4 45. Bxg8 Qxg8 46. Qb2 Rd3 47. Qb6 Qf8 48. Qe6 Rd1+ 49. Kg2 e3 50. Rc8 Qxc8 51. Qxc8+ Kg7 52. fxe3 dxe3 53. Qxf5 Rd2+ 54. Kh3 e2 55. Qe5+ Kg6 56. Qe4+ Kg7 57. Qg4+ Kh8 58. Qc8+ Kg7 59. Qc3+ 1-0

[Event "December 19 Early 2023"]
[Site "https://www.chess.com"]
[Date "2023.12.19"]
[Round "3"]
[White "Polak, Kinga"]
[Black "Delorme, Axel"]
[Result "0-1"]
[Board "228"]
[TimeControl "180+1"]
[WhiteFideId "1134680"]
[BlackFideId "632023"]
[WhiteElo "2075"]
[BlackElo "2478"]
[WhiteTeam "POL"]
[BlackTeam "FRA"]
[WhiteClock "0:02:38"]
[BlackClock "0:01:55"]

1. e4 c5 2. Nf3 d6 3. d4 cxd4 4. Nxd4 Nf6 5. Nc3 a6 6. f3 e5 7. Nb3 Be6 8. Be3 Be7 9. Qd2 O-O 10. g4 b5 11. g5 b4 12. Nd5 Nxd5 13. exd5 Bf5 14. O-O-O a5 15. Kb1 a4 16. Nc1 Nd7 17. Bd3 Bxd3 18. Qxd3 Bxg5 19. Rhg1 Bxe3 20. Qxe3 Qf6 21. Qe4 Nc5 22. Qxb4 Rfb8 23. Qg4 0-1

[Event "December 19 Early 2023"]
[Site "https://www.chess.com"]
[Date "2023.12.19"]
[Round "3"]
[White "Petersson, Kjell"]
[Black "Leve, Nitai"]
[Result "0-1"]
[Board "229"]
[TimeControl "180+1"]
[WhiteFideId "1705148"]
[BlackFideId "2006898"]
[WhiteElo "1994"]
[BlackElo "2144"]
[WhiteTeam "SWE"]
[BlackTeam "USA"]
[WhiteClock "0:00:15"]
[BlackClock "0:00:27"]

1. d4 d5 2. Bf4 Nf6 3. e3 c5 4. Nd2 Nc6 5. c3 Bf5 6. Qb3 Qd7 7. Ngf3 a6 8. Nh4 c4 9. Qd1 Bg4 10. f3 Bh5 11. g4 Bg6 12. Nxg6 hxg6 13. Bg2 e6 14. Kf2 Bd6 15. Bg3 b5 16. a3 e5 17. b3 exd4 18. cxd4 O-O 19. b4 a5 20. bxa5 Rxa5 21. Nb1 b4 22. Qc1 b3 23. Qb2 Rfa8 24. Bxd6 Qxd6 25. h4 Nb4 26. Bf1 Nc2 27. h5 gxh5 28. gxh5 Nxa1 29. Qxa1 Rxa3 30. Nxa3 Rxa3 31. Qb1 Ra2+ 32. Ke1 Qb4+ 0-1

[Event "December 19 Early 2023"]
[Site "https://www.chess.com"]
[Date "2023.12.19"]
[Round "3"]
[White "Negron Lizarazo, Juan Sebastian"]
[Black "Recuero Guerra, Javier"]
[Result "1-0"]
[Board "230"]
[TimeControl "180+1"]
[WhiteFideId "3936910"]
[BlackFideId "2254085"]
[WhiteElo "1647"]
[BlackElo "2208"]
[WhiteTeam "COL"]
[BlackTeam "ESP"]
[WhiteClock "0:00:41"]
[BlackClock "0:00:00"]

1. e4 c5 2. Nc3 a6 3. g3 b5 4. Bg2 Bb7 5. d3 e6 6. Be3 Nc6 7. Nf3 Nf6 8. h3 d5 9. exd5 exd5 10. d4 c4 11. O-O Be7 12. Re1 O-O 13. Bf4 Bd6 14. Ne5 Ne7 15. Bg5 b4 16. Ne2 Nd7 17. Nxc4 dxc4 18. Bxb7 Rb8 19. Bg2 f6 20. Bf4 Qc7 21. Bxd6 Qxd6 22. f4 Nf5 23. Kf2 Rfe8 24. c3 bxc3 25. bxc3 Ne3 26. Qd2 Nxg2 27. Kxg2 Qd5+ 28. Kf2 f5 29. Ng1 Nf6 30. Qc2 Ne4+ 31. Kg2 Nxc3+ 32. Nf3 Ne4 33. Rac1 c3 34. Re3 Rb2 35. Rxc3 Rxc2+ 36. R3xc2 h6 37. Rc7 Qxa2+ 38. R1c2 Qd5 39. Ra7 a5 40. Rb7 Rd8 41. Rcb2 a4 42. R7b5 Qd6 43. Rb6 Qf8 44. Ne5 a3 45. Ra2 Rxd4 46. Rb3 Qa8 47. Rbxa3 Nc5+ 48. Rxa8+ 1-0

[Event "December 19 Early 2023"]
[Site "https://www.chess.com"]
[Date "2023.12.19"]
[Round "3"]
[White "Rozhkov, Viacheslav"]
[Black "Cramling Bellon, Anna"]
[Result "1/2-1/2"]
[Board "231"]
[TimeControl "180+1"]
[WhiteFideId "4181484"]
[BlackFideId "32009232"]
[WhiteElo "2237"]
[BlackElo "1976"]
[WhiteTeam "RUS"]
[BlackTeam "SWE"]
[WhiteClock "0:00:15"]
[BlackClock "0:00:04"]

1. e4 c5 2. Nf3 e6 3. d4 cxd4 4. Nxd4 Nf6 5. Bd3 Nc6 6. Nxc6 bxc6 7. O-O e5 8. c4 d6 9. Nc3 Be7 10. f4 O-O 11. Qe1 Qb6+ 12. Kh1 Qd4 13. Qe3 c5 14. Ne2 Qxe3 15. Bxe3 Ng4 16. Bg1 exf4 17. Nxf4 Bf6 18. Rab1 Be6 19. Be2 Ne5 20. b3 a5 21. Rfd1 Rfd8 22. Nd5 Bxd5 23. Rxd5 Nc6 24. Rbd1 Nd4 25. Bxd4 Bxd4 26. h3 Be5 27. Bf3 Rdb8 28. Rb1 a4 29. Bd1 axb3 30. Bxb3 g6 31. Rf1 h5 32. g4 hxg4 33. hxg4 Kg7 34. Kg2 Rh8 35. Rh1 Rxh1 36. Kxh1 Rh8+ 37. Kg1 Rh3 38. Kf1 Rg3 39. Bd1 Re3 40. Bc2 Rg3 41. Bd1 Re3 42. Bc2 Rg3 43. Bd1 1/2-1/2

[Event "December 19 Early 2023"]
[Site "https://www.chess.com"]
[Date "2023.12.19"]
[Round "3"]
[White "Saim, Mohamed Ilias"]
[Black "Kovalevsky, Stanislav"]
[Result "0-1"]
[Board "232"]
[TimeControl "180+1"]
[WhiteFideId "7900465"]
[BlackFideId "13508598"]
[WhiteElo "2063"]
[BlackElo "2043"]
[WhiteTeam "ALG"]
[BlackTeam "FID"]
[WhiteClock "0:00:00"]
[BlackClock "0:00:17"]

1. d4 d6 2. c4 g6 3. Nf3 Bg7 4. e3 c5 5. Be2 Nc6 6. d5 Ne5 7. Nbd2 Nf6 8. Nxe5 dxe5 9. f4 exf4 10. exf4 O-O 11. O-O e6 12. d6 Qxd6 13. Nf3 Rd8 14. Qc2 b6 15. Rd1 Qe7 16. Rxd8+ Qxd8 17. Bd2 Bb7 18. Bc3 Qc7 19. Ne5 Ne4 20. Rd1 Nxc3 21. Qxc3 Rd8 22. Rd3 Rxd3 23. Bxd3 Kf8 24. Bf1 Qd6 25. h4 Be4 26. a3 f6 27. Nf3 Bxf3 28. Qxf3 Qd4+ 29. Kh2 Qd7 30. Qa8+ Kf7 31. Qf3 Bf8 32. h5 Bd6 33. hxg6+ hxg6 34. Bd3 e5 35. g3 exf4 36. gxf4 Bxf4+ 37. Kg2 Be5 38. Qe4 Qf5 39. Qxf5 gxf5 40. Bxf5 Bxb2 41. a4 Ke7 42. Kf3 Kd6 43. Ke4 Kc6 44. Be6 a6 45. Bd5+ Kd6 46. Bb7 b5 47. axb5 axb5 48. cxb5 c4 49. Bd5 c3 50. Bb3 Kc5 51. Ba4 Bc1 52. Kd3 Bd2 0-1

[Event "December 19 Early 2023"]
[Site "https://www.chess.com"]
[Date "2023.12.19"]
[Round "3"]
[White "Khromkin, Andrey"]
[Black "Donatti, Alvaro"]
[Result "1-0"]
[Board "233"]
[TimeControl "180+1"]
[WhiteFideId "4154126"]
[BlackFideId "3000303"]
[WhiteElo "2387"]
[BlackElo "2138"]
[WhiteTeam "RUS"]
[BlackTeam "URU"]
[WhiteClock "0:02:12"]
[BlackClock "0:01:10"]

1. d4 Nf6 2. c4 c5 3. Nf3 g6 4. Nc3 cxd4 5. Nxd4 Bg7 6. g3 O-O 7. Bg2 Nc6 8. O-O a6 9. b3 Qc7 10. Bb2 d6 11. Rc1 Bd7 12. Nd5 Nxd5 13. cxd5 Qb6 14. dxc6 bxc6 15. Qd2 Rac8 16. Nf3 c5 17. Bxg7 Kxg7 18. Ne5 Be6 19. Nc4 Qb5 20. Bd5 Bd7 21. Rfd1 Qb8 22. Bf3 Be6 23. h4 Qb5 24. h5 Ra8 25. Ne3 a5 26. Bxa8 1-0

[Event "December 19 Early 2023"]
[Site "https://www.chess.com"]
[Date "2023.12.19"]
[Round "3"]
[White "Matthes, Aaron"]
[Black "Ghosh, Chanchal Kumer"]
[Result "1-0"]
[Board "234"]
[TimeControl "180+1"]
[WhiteFideId "16227310"]
[BlackFideId "10201858"]
[WhiteElo "2382"]
[BlackElo "2067"]
[WhiteTeam "GER"]
[BlackTeam "BAN"]
[WhiteClock "0:01:13"]
[BlackClock "0:00:00"]

1. Nf3 d5 2. g3 e6 3. Bg2 Nf6 4. O-O c5 5. d3 Nc6 6. Nbd2 Bd6 7. e4 O-O 8. Qe2 e5 9. b3 d4 10. a4 Bg4 11. Nc4 Bc7 12. Bd2 Qd7 13. a5 Nh5 14. h3 Bxh3 15. Bxh3 Qxh3 16. Ng5 Nxg3 17. fxg3 Qxg3+ 18. Qg2 Qxg2+ 19. Kxg2 Rae8 20. Nf3 f5 21. exf5 Rxf5 22. Ng5 g6 23. Ne4 Ref8 24. Nxc5 b6 25. Ne6 Rxf1 26. Rxf1 Rxf1 27. Kxf1 Bd8 28. Nxd8 Nxd8 29. axb6 axb6 30. Nxb6 Kf7 31. Nc4 Ke6 32. Ke2 Kd5 33. Kf3 Ne6 34. b4 h5 35. b5 Nc5 36. b6 Kc6 37. Nxe5+ Kxb6 38. Nxg6 Kc6 39. Ne5+ Kd5 40. Nc4 Nd7 41. Bg5 Nc5 42. Kg3 Ne6 43. Bh6 Nc5 44. Kh4 Na6 45. Bd2 Nc5 46. Kxh5 Na4 47. Kg4 Nc5 48. Kf4 Ne6+ 49. Kf5 Ng7+ 50. Kf6 Nh5+ 51. Kg5 Ng3 52. Kg4 Ne2 53. Kf3 Ng1+ 54. Kg2 Ne2 55. Kf2 1-0

[Event "December 19 Early 2023"]
[Site "https://www.chess.com"]
[Date "2023.12.19"]
[Round "3"]
[White "Sailer, Mike"]
[Black "Himanshu, Sharma"]
[Result "1-0"]
[Board "235"]
[TimeControl "180+1"]
[WhiteFideId "2012901"]
[BlackFideId "5007836"]
[WhiteElo "2109"]
[BlackElo "2307"]
[WhiteTeam "USA"]
[BlackTeam "IND"]
[WhiteClock "0:00:32"]
[BlackClock "0:01:07"]

1. d4 Nf6 2. Nc3 e6 3. Bf4 Bb4 4. e3 O-O 5. Bd3 d5 6. Ne2 c5 7. dxc5 Nbd7 8. Bd6 Re8 9. a3 Bxc5 10. Bxc5 Nxc5 11. O-O e5 12. e4 d4 13. b4 Ne6 14. Nb1 Bd7 15. Nd2 b5 16. f4 exf4 17. Nxf4 Nxf4 18. Rxf4 Rc8 19. h3 Qc7 20. Qf3 Be6 21. Rxf6 gxf6 22. Qxf6 Qe7 23. Qxd4 Bc4 24. Bxc4 bxc4 25. Nxc4 Qxe4 26. Qxe4 Rxe4 27. Nd6 Rce8 28. Nxe8 Rxe8 29. c4 Re3 30. Rc1 Kf8 31. c5 Ke7 32. a4 Kd7 33. b5 Ra3 34. Rd1+ Kc7 35. Rd4 Rc3 36. c6 a6 37. Rd7+ Kc8 38. Rxf7 axb5 39. axb5 Rc5 40. Rb7 h5 41. g4 hxg4 42. hxg4 Rg5 43. Kf2 Rxg4 44. Ke3 Rb4 45. Kd3 Rb1 46. Kc4 Rc1+ 47. Kd5 Rd1+ 48. Kc5 Rc1+ 49. Kb6 Rb1 50. Rh7 Kd8 51. c7+ Kc8 52. Rh8+ Kd7 53. c8=Q+ Kd6 54. Qc6+ Ke5 55. Re8+ Kf5 56. Qe6+ Kf4 57. Rf8+ Kg5 58. Qf6+ Kg4 59. Rg8+ Kh5 60. Qh8# 1-0

[Event "December 19 Early 2023"]
[Site "https://www.chess.com"]
[Date "2023.12.19"]
[Round "3"]
[White "Szyszylo, Rafal"]
[Black "Brandao, Marcius Gomes"]
[Result "0-1"]
[Board "236"]
[TimeControl "180+1"]
[WhiteFideId "1109626"]
[BlackFideId "2124980"]
[WhiteElo "1951"]
[BlackElo "2073"]
[WhiteTeam "POL"]
[BlackTeam "BRA"]
[WhiteClock "0:00:00"]
[BlackClock "0:00:06"]

1. e4 c5 2. Nc3 Nc6 3. Bb5 Nd4 4. Nf3 a6 5. Bd3 e6 6. O-O Qc7 7. Nxd4 cxd4 8. Ne2 Bd6 9. f4 Bc5 10. b3 Ne7 11. Bb2 Qb6 12. Qe1 d6 13. Qh4 Bd7 14. Kh1 Ng6 15. Qf2 O-O 16. Bxd4 Bxd4 17. Qxd4 Qxd4 18. Nxd4 Nxf4 19. Rxf4 e5 20. Rf2 exd4 21. Bc4 Be6 22. d3 b5 23. Bd5 Bxd5 24. exd5 Rae8 25. Kg1 Re5 26. Rf4 Rxd5 27. Re1 Rc8 28. Re2 Re5 29. Rd2 Rd5 30. Re4 Kf8 31. Kf2 Rdc5 32. Rxd4 Rxc2 33. Ke2 Rxd2+ 34. Kxd2 Ke7 35. a4 bxa4 36. Rxa4 Rc6 37. Rb4 f5 38. Rb7+ Kf6 39. Ra7 h6 40. h4 g5 41. h5 g4 42. Ra8 Kg5 43. Rf8 Rc5 44. d4 Rb5 45. Kc3 Kxh5 46. Rf6 Kg5 47. Rxd6 f4 48. Kc4 f3 49. gxf3 gxf3 50. Rd8 Rf5 51. Rg8+ Kf4 52. Rg1 f2 53. Rh1 Ke3 54. d5 Rf4+ 55. Kc5 Ke2 56. d6 Rf7 57. Kc6 f1=Q 58. Rxf1 Kxf1 59. d7 Rf8 60. Kc7 h5 61. d8=Q Rxd8 62. Kxd8 h4 63. Kc7 h3 64. Kb6 h2 65. Kxa6 h1=Q 66. b4 Qd5 67. b5 Qa2+ 68. Kb7 Qf7+ 69. Kc6 Qe6+ 70. Kb7 Qe4+ 71. Kc7 Qh7+ 72. Kc6 Qa7 73. b6 Qb8 74. Kc5 Ke2 75. Kc6 Kd3 76. Kc5 Kc3 77. Kc6 Kb4 78. b7 Ka5 0-1

[Event "December 19 Early 2023"]
[Site "https://www.chess.com"]
[Date "2023.12.19"]
[Round "3"]
[White "Topalov, Aleksandar"]
[Black "Nikulina, Alena"]
[Result "1-0"]
[Board "237"]
[TimeControl "180+1"]
[WhiteFideId "925659"]
[BlackFideId "4172051"]
[WhiteElo "2151"]
[BlackElo "1627"]
[WhiteTeam "SRB"]
[BlackTeam "RUS"]
[WhiteClock "0:00:44"]
[BlackClock "0:00:00"]

1. b3 e5 2. Bb2 Nc6 3. e3 d5 4. Bb5 Bd6 5. f4 f6 6. Nh3 Ne7 7. fxe5 fxe5 8. O-O Bxh3 9. Qh5+ g6 10. Qxh3 Qd7 11. Qxd7+ Kxd7 12. Nc3 Rhf8 13. e4 d4 14. Nd5 a6 15. Nf6+ Kd8 16. Bxc6 Nxc6 17. Nxh7 Rh8 18. Ng5 Ke7 19. a3 Raf8 20. g3 Nd8 21. Rae1 Ne6 22. Nxe6 Kxe6 23. d3 g5 24. Rxf8 Rxf8 25. Rf1 Rg8 26. g4 Be7 27. Kg2 Rh8 28. Rf5 Rg8 29. a4 b5 30. axb5 axb5 31. Bc1 c5 32. h3 b4 33. Bd2 Bf6 34. Be1 Be7 35. Bg3 Bf6 36. Rf1 Ra8 37. Rf2 Ra7 38. Kf3 Ra8 39. Rh2 Rh8 40. Kg2 Ra8 41. Kf3 Rf8 42. Ke2 Ra8 43. h4 gxh4 44. Bxh4 Rh8 45. Bg3 Rg8 46. Rh7 Ra8 47. Rh6 Rf8 48. g5 1-0

[Event "December 19 Early 2023"]
[Site "https://www.chess.com"]
[Date "2023.12.19"]
[Round "3"]
[White "Mende, Andreas"]
[Black "Zhuk, Valeriy"]
[Result "1/2-1/2"]
[Board "238"]
[TimeControl "180+1"]
[WhiteFideId "4631102"]
[BlackFideId "24151254"]
[WhiteElo "2065"]
[BlackElo "2148"]
[WhiteTeam "GER"]
[BlackTeam "RUS"]
[WhiteClock "0:00:39"]
[BlackClock "0:00:09"]

1. c4 Nf6 2. g3 g6 3. Bg2 Bg7 4. Nc3 O-O 5. e4 d6 6. Nge2 c5 7. O-O Nc6 8. d3 Bg4 9. h3 Bd7 10. Be3 Ne8 11. d4 cxd4 12. Nxd4 Nc7 13. Rc1 Nxd4 14. Bxd4 Bxd4 15. Qxd4 Ne6 16. Qe3 Bc6 17. b4 b6 18. Nd5 Bb7 19. f4 f6 20. f5 Ng5 21. h4 Nf7 22. fxg6 hxg6 23. Bh3 Bxd5 24. exd5 Kg7 25. Rfe1 Ne5 26. Be6 a5 27. c5 bxc5 28. bxc5 dxc5 29. Rxc5 Qd6 30. Rec1 Rab8 31. Rxa5 Rb2 32. Ra7 Qb4 33. Qc5 Qxc5+ 34. Rxc5 Re8 35. Rcc7 Nf3+ 36. Kf1 Rd2 37. Rxe7+ Rxe7 38. Rxe7+ Kh6 39. Bg8 Nh2+ 40. Ke1 Nf3+ 41. Kf1 Nh2+ 42. Ke1 Nf3+ 43. Kf1 1/2-1/2

[Event "December 19 Early 2023"]
[Site "https://www.chess.com"]
[Date "2023.12.19"]
[Round "3"]
[White "Kolmagorov, Alexey"]
[Black "Quilter, Thomas A"]
[Result "1/2-1/2"]
[Board "239"]
[TimeControl "180+1"]
[WhiteFideId "34129402"]
[BlackFideId "408530"]
[WhiteElo "1989"]
[BlackElo "1962"]
[WhiteTeam "RUS"]
[BlackTeam "ENG"]
[WhiteClock "0:00:08"]
[BlackClock "0:00:14"]

1. d4 d5 2. c4 e6 3. g3 c5 4. cxd5 cxd4 5. Bg2 Nf6 6. Nf3 exd5 7. O-O Nc6 8. Nxd4 Bc5 9. Nb3 Bb6 10. Bg5 Be6 11. Nc3 h6 12. Bxf6 Qxf6 13. Nxd5 Qxb2 14. Nxb6 axb6 15. Qd6 Bxb3 16. Bxc6+ bxc6 17. Qxc6+ Ke7 18. Qb7+ Kf6 19. Qxb6+ Kg5 20. h4+ Kg4 21. Qxb3 Qxe2 22. Qxf7 Rhf8 23. Qg6+ Kh3 24. Rae1 Qf3 25. Qe6+ Rf5 26. Qe4 Rxa2 27. Qxf3 Rxf3 28. Re7 Rxg3+ 29. fxg3 Rg2+ 30. Kh1 Rh2+ 31. Kg1 Rg2+ 32. Kh1 Rh2+ 33. Kg1 Rg2+ 1/2-1/2

[Event "December 19 Early 2023"]
[Site "https://www.chess.com"]
[Date "2023.12.19"]
[Round "3"]
[White "Mesquita, Eduardo Barbosa"]
[Black "Tilahun , Abel Mathewos"]
[Result "1-0"]
[Board "240"]
[TimeControl "180+1"]
[WhiteFideId "22757163"]
[BlackFideId "15702391"]
[WhiteElo "1953"]
[BlackElo "1917"]
[WhiteTeam "BRA"]
[BlackTeam "ETH"]
[WhiteClock "0:01:06"]
[BlackClock "0:00:00"]

1. e4 e6 2. d4 d5 3. e5 c5 4. c3 Bd7 5. Nf3 Qb6 6. Be2 cxd4 7. O-O Bb5 8. Bxb5+ Qxb5 9. Na3 Bxa3 10. bxa3 Nc6 11. Bg5 dxc3 12. Rb1 Qa6 13. Qb3 Nge7 14. a4 d4 15. Qa3 Rd8 16. Rb5 Rd7 17. Rd1 O-O 18. h4 h6 19. Bf6 Nd5 20. Nh2 gxf6 21. Qc1 Nce7 22. exf6 Nf5 23. g4 Kh7 24. gxf5 Rg8+ 25. Kh1 Qxa4 26. Rc5 Qxa2 27. Rf1 Qe2 28. fxe6 Qe4+ 29. f3 1-0

[Event "December 19 Early 2023"]
[Site "https://www.chess.com"]
[Date "2023.12.19"]
[Round "3"]
[White "Hoffmann, Asa"]
[Black "Navyblue1"]
[Result "1-0"]
[Board "241"]
[TimeControl "180+1"]
[WhiteFideId "2001470"]
[WhiteElo "2117"]
[BlackElo "2039"]
[WhiteTeam "USA"]
[WhiteClock "0:01:17"]
[BlackClock "0:00:05"]

1. d4 Nf6 2. Bg5 Ne4 3. Bf4 c5 4. f3 Qa5+ 5. c3 Nf6 6. d5 d6 7. e4 b5 8. Na3 a6 9. Be2 Nbd7 10. Nh3 g6 11. Qd2 h5 12. O-O Bg7 13. Ng5 Bb7 14. Rfe1 Qb6 15. Nc2 Qc7 16. Rac1 O-O 17. h3 Ne5 18. Ne3 Rad8 19. c4 bxc4 20. Nxc4 Nfd7 21. b3 Nxc4 22. Bxc4 Ne5 23. Bf1 Qb6 24. Rb1 a5 25. a3 Ba6 26. b4 axb4 27. axb4 Bxf1 28. Rxf1 cxb4+ 29. Be3 Qc7 30. Rfc1 Qd7 31. Qxb4 Rb8 32. Qxb8 Rxb8 33. Rxb8+ Bf8 34. Rcc8 Kg7 35. Rxf8 Qa4 36. Rg8+ Kf6 37. Nh7# 1-0

[Event "December 19 Early 2023"]
[Site "https://www.chess.com"]
[Date "2023.12.19"]
[Round "3"]
[White "Dominguez Rincon, Miller Duvan"]
[Black "Martin Barcelo, Carles"]
[Result "1-0"]
[Board "242"]
[TimeControl "180+1"]
[WhiteFideId "4406583"]
[BlackFideId "24561444"]
[WhiteElo "1960"]
[BlackElo "2135"]
[WhiteTeam "COL"]
[BlackTeam "ESP"]
[WhiteClock "0:01:47"]
[BlackClock "0:02:20"]

1. e4 e5 2. Nf3 Nf6 3. Nxe5 d6 4. Nf3 Nxe4 5. Nc3 Nf6 6. d4 g6 7. Bg5 Bg7 8. Qe2+ Kd7 9. O-O-O c6 10. Ne5+ Kc7 11. Nxf7 Qe8 12. Nxh8 Qxh8 13. Qe7+ Nbd7 14. d5 Nxd5 15. Rxd5 cxd5 16. Nb5+ Kb6 17. Qxd6+ Ka5 18. Bd2+ Bc3 19. Bxc3+ Qxc3 20. Nxc3 b5 21. b4# 1-0

[Event "December 19 Early 2023"]
[Site "https://www.chess.com"]
[Date "2023.12.19"]
[Round "3"]
[White "Bernat, David"]
[Black "SujanaLohani"]
[Result "1-0"]
[Board "243"]
[TimeControl "180+1"]
[WhiteFideId "2099225"]
[WhiteElo "1894"]
[BlackElo "2021"]
[WhiteTeam "USA"]
[WhiteClock "0:01:17"]
[BlackClock "0:01:32"]

1. c4 g6 2. Nc3 Bg7 3. g3 a6 4. Bg2 d6 5. d3 e5 6. e4 b6 7. Nge2 Bb7 8. O-O Nd7 9. f4 Ngf6 10. h3 O-O 11. f5 c5 12. g4 Nb8 13. g5 Ne8 14. f6 Bh8 15. Ng3 Nc7 16. Qg4 Bc8 17. Qh4 Nc6 18. Be3 Nd4 19. Bxd4 cxd4 20. Nd5 Nxd5 21. cxd5 Bd7 22. Rf2 b5 23. Raf1 Rc8 24. Qh6 Qa5 25. Nf5 Bxf5 26. exf5 Qxa2 27. fxg6 hxg6 28. Be4 Rfd8 29. Bxg6 fxg6 30. f7# 1-0

[Event "December 19 Early 2023"]
[Site "https://www.chess.com"]
[Date "2023.12.19"]
[Round "3"]
[White "Dilmukhametov, Artur"]
[Black "Levine, David"]
[Result "0-1"]
[Board "244"]
[TimeControl "180+1"]
[WhiteFideId "24179922"]
[BlackFideId "2011611"]
[WhiteElo "2176"]
[BlackElo "2009"]
[WhiteTeam "RUS"]
[BlackTeam "USA"]
[WhiteClock "0:00:09"]
[BlackClock "0:01:26"]

1. e4 e5 2. Nf3 Nc6 3. Bc4 Nf6 4. d4 exd4 5. O-O Nxe4 6. Nc3 Nxc3 7. bxc3 d5 8. Bb5 Be7 9. Nxd4 Bd7 10. Bd3 O-O 11. Re1 Bf6 12. Ba3 Re8 13. Rxe8+ Qxe8 14. Rb1 b6 15. h3 Ne5 16. Bf5 c5 17. Bxd7 Qxd7 18. Nf3 Nc4 19. Bc1 Bxc3 20. Qd3 Bf6 21. Bf4 Rd8 22. Rd1 Nb2 23. Qd2 Nxd1 24. Qxd1 Qe6 25. Bg5 d4 26. a4 Re8 27. Qd3 h6 28. Bxf6 Qxf6 29. Qb5 Qe7 30. a5 Qe6 31. axb6 axb6 32. Kh2 Re7 33. Qa4 Qd7 34. Qa8+ Kh7 35. Qa6 b5 36. Qb6 Qc7+ 37. Qxc7 Rxc7 38. Ne5 f6 39. Nd3 c4 40. Nb4 Rd7 41. Kg3 d3 42. cxd3 cxd3 0-1